Map: [ESL] Ancient Cistern

Players

BattleB

  • Race: Terran Terran
  • Spawn Location: 7:00

Gerald - Winner!

  • Race: Protoss Protoss
  • Spawn Location: 1:00

Event: ESL SC2 Masters 2023 Summer (Regionals)

VOD

Have the link to the VOD?

Description

Time

  • Played on: May 3, 2023, 10:28 a.m.
  • Length: 12:51

All games in this series

Show
View Real Time Build Order
Export as new Build Order

BattleB Terran 

Build Orders: Reaper Expand 

Get SALT Encoding   

  12  0:00  SCV  
  13  0:12  SCV  
  14  0:16  Supply Depot  
  14  0:24  SCV  
  15  0:38  SCV  
  15  0:39  Barracks  
  15  0:42  Refinery  
  16  0:50  SCV  
  17  1:02  SCV  
  18  1:14  SCV  
  19  1:26  Orbital Command, Reaper  
  20  1:38  Command Center  
  20  1:46  Supply Depot  
  20  1:52  SCV  
  21  1:58  Marine  
  22  2:04  SCV  
  22  2:05  Factory  
  23  2:14  Bunker  
  23  2:16  SCV  
  23  2:20  Barracks Reactor  
  24  2:24  Refinery  
  24  2:28  SCV  
  25  2:40  SCV  
  26  2:50  Hellion  
  26  2:51  Orbital Command  
  28  2:52  SCV  
  28  2:55  Starport  
  28  2:56  Marine  
  30  3:00  Marine  
  30  3:04  SCV  
  32  3:11  Widow Mine  
  34  3:16  Marine, SCV  
  34  3:17  SCV, Marine  
  38  3:20  Supply Depot  
  38  3:29  SCV x2  
  38  3:33  Widow Mine, Marine, Medivac  
  45  3:35  Marine  
  46  3:43  Barracks, SCV  
  46  3:46  SCV  
  48  3:48  Supply Depot  
  48  3:53  Marine x2  
  51  3:55  SCV  
  51  3:58  SCV, Factory Tech Lab  
  49  4:04  Refinery  
  49  4:07  SCV  
  49  4:09  Starport Tech Lab  
  50  4:10  SCV  
  50  4:14  Engineering Bay  
  50  4:16  Marine x2, Supply Depot  
  53  4:19  SCV  
  53  4:22  SCV  
  53  4:23  Siege Tank  
  58  4:32  Barracks, SCV  
  58  4:35  Marine x2  
  58  4:37  SCV  
  61  4:40  Supply Depot  
  61  4:41  Stimpack  
  61  4:45  SCV  
  62  4:46  Terran Infantry Weapons Level 1  
  62  4:52  SCV  
  63  4:53  Marine x2  
  63  4:56  Supply Depot  
  63  4:57  SCV  
  66  5:00  Siege Tank  
  66  5:03  Marauder  
  69  5:09  SCV x2  
  69  5:11  Marine x2  
  72  5:16  Refinery  
  72  5:17  Starport Reactor  
  72  5:20  Supply Depot  
  72  5:22  Missile Turret  
  72  5:23  Barracks Tech Lab  
  72  5:25  SCV x2  
  74  5:28  Marine  
  74  5:29  Marine  
  74  5:32  Siege Tank  
  74  5:34  Marauder  
  81  5:37  SCV  
  81  5:42  Marauder, Combat Shield  
  82  5:46  Marine  
  82  5:47  Supply Depot  
  83  5:54  Medivac, Missile Turret  
  83  5:55  Medivac  
  87  6:00  Marine  
  87  6:01  Marauder  
  86  6:05  Marine, Supply Depot  
  86  6:06  Marauder  
  86  6:10  Siege Tank  
  92  6:12  Supply Depot  
  92  6:16  Supply Depot  
  92  6:18  Marine  
  93  6:22  Marauder  
  93  6:23  Marine  
  93  6:24  Concussive Shells, Missile Turret  
  96  6:27  Marauder  
  96  6:30  Medivac  
  100  6:38  Marine  
  101  6:40  Medivac  
  101  6:41  Marine  
  101  6:47  Marauder  
  104  6:51  Marauder  
  105  6:56  Siege Tank  
  105  6:57  Command Center  
  105  7:01  Marine x2  
  106  7:11  Marauder  
  106  7:12  SCV x2  
  106  7:13  Marauder  
  110  7:17  Barracks x2  
  110  7:23  Viking x2  
  110  7:24  Marine  
  115  7:31  Marine  
  115  7:32  Siege Tank  
  115  7:35  SCV x2  
  121  7:37  Marine x2  
  121  7:41  Terran Infantry Armor Level 1  
  123  7:48  Marine  
  123  7:50  SCV x2  
  126  8:03  Marauder, Viking, Marine  
  126  8:04  Viking  
  122  8:09  Marauder  
  122  8:10  Marine  
  98  8:13  Barracks Reactor  
  98  8:14  Barracks Tech Lab  
  95  8:21  Siege Tank  
  95  8:24  SCV x2, Marauder  
  102  8:27  Marine  
  102  8:28  Marine  
  102  8:30  Marauder  
  106  8:36  SCV x2  
  106  8:39  Marauder  
  110  8:45  Marine  
  110  8:46  Marine  
  116  8:50  Orbital Command  
  116  8:52  SCV x2  
  116  8:55  Siege Tank  
  117  8:56  Viking  
  117  8:59  Viking  
  121  9:03  Marine x3  
  121  9:06  Marine  
  121  9:07  SCV x2  
  129  9:10  Marauder x2  
  129  9:12  Marauder  
  133  9:21  Marine, Supply Depot  
  133  9:22  Marine x2  
  135  9:27  Marine  
  135  9:30  Refinery  
  134  9:31  Siege Tank  
  134  9:32  Ghost Academy, Refinery  
  137  9:39  Viking x2  
  137  9:45  SCV x2  
  142  9:48  Supply Depot  
  142  9:50  Supply Depot  
  142  9:53  Marine, Marauder x2  
  142  9:54  Marauder  
  149  10:01  Bunker  
  149  10:05  Supply Depot  
  149  10:09  Marine x3  
  149  10:10  Siege Tank  
  149  10:11  Viking x2  
  149  10:13  Marine  
  149  10:14  Marine  
  160  10:19  Ghost  
  160  10:20  Ghost  
  158  10:32  Marine  
  158  10:33  Marine x2  
  156  10:39  Marauder  
  154  10:44  Marine  
  154  10:49  Marauder  
  154  10:50  Viking  
  154  10:51  Viking  
  154  10:53  Siege Tank  
  154  10:57  Marine x2, Marauder  
  154  10:58  Marine  
  154  11:00  Marine  
  154  11:03  Marine  
  161  11:06  SCV x3  
  161  11:11  Marine  
  167  11:18  Marauder  
  167  11:21  Ghost  
  167  11:23  Marine x2  
  167  11:25  Marine x2  
  173  11:42  Medivac  
  173  11:58  Marine x2  
  173  12:00  Marauder  
  173  12:05  Viking  
  173  12:11  Supply Depot  
  173  12:13  Supply Depot  
  173  12:14  Ghost  
  173  12:25  Marine  
  173  12:26  Marine x3, Marauder  
Show
View Real Time Build Order
Export as new Build Order

Gerald Protoss - Winner!

Build Orders: 1 Gate Expand, Phoenix Opening, Colossus Rush 

Get SALT Encoding   

  12  0:00  Probe  
  13  0:12  Probe  
  14  0:17  Pylon  
  14  0:24  Probe (Chrono Boost)  
  15  0:37  Gateway  
  15  0:38  Probe (Chrono Boost)  
  16  0:43  Probe (Chrono Boost)  
  16  0:46  Assimilator  
  17  0:52  Probe  
  18  1:04  Probe  
  19  1:16  Probe  
  20  1:23  Cybernetics Core  
  22  1:32  Nexus  
  20  1:34  Probe  
  21  1:42  Pylon  
  21  1:47  Assimilator  
  21  1:48  Probe  
  22  1:58  Adept (Chrono Boost)  
  22  2:00  Probe  
  25  2:12  Probe  
  26  2:17  Stargate  
  26  2:20  Adept (Chrono Boost)  
  28  2:32  Shield Battery  
  28  2:39  Probe  
  28  2:40  Warp Gate  
  29  2:45  Probe  
  29  2:47  Adept (Chrono Boost)  
  29  2:51  Probe  
  33  2:57  Probe  
  34  2:58  Assimilator  
  34  3:00  Phoenix (Chrono Boost)  
  34  3:03  Probe  
  37  3:09  Probe  
  38  3:15  Probe  
  38  3:16  Phoenix (Chrono Boost)  
  41  3:21  Probe  
  42  3:27  Probe  
  42  3:32  Robotics Facility  
  44  3:39  Probe  
  45  3:42  Phoenix  
  45  3:46  Pylon  
  46  4:02  Nexus  
  46  4:04  Probe x2  
  48  4:11  Pylon  
  48  4:14  Phoenix (Chrono Boost)  
  48  4:16  Probe  
  51  4:18  Probe  
  51  4:21  Observer  
  53  4:27  Robotics Bay  
  53  4:30  Probe  
  54  4:38  Probe  
  54  4:42  Gateway  
  54  4:44  Forge  
  55  4:45  Phoenix (Chrono Boost)  
  55  4:49  Assimilator  
  55  4:50  Probe  
  55  4:51  Observer  
  59  4:56  Pylon  
  59  4:57  Probe  
  60  5:07  Probe  
  60  5:12  Probe, Phoenix (Chrono Boost), Pylon  
  64  5:18  Colossus (Chrono Boost)  
  64  5:19  Probe  
  65  5:25  Probe  
  65  5:28  Protoss Ground Weapons Level 1 (Chrono Boost)  
  72  5:36  Probe, Pylon  
  73  5:44  Probe x2  
  73  5:48  Probe, Twilight Council  
  76  5:53  Phoenix, Shield Battery  
  76  5:56  Probe x2  
  80  6:03  Probe  
  81  6:07  Gateway x2  
  81  6:09  Colossus (Chrono Boost)  
  81  6:15  Probe  
  88  6:22  Charge (Chrono Boost), Gateway x2  
  88  6:31  Zealot, Sentry  
  92  6:33  Probe x3  
  92  6:38  Pylon  
  95  6:49  Probe  
  95  6:50  Pylon  
  95  6:51  Extended Thermal Lance  
  96  6:55  Gateway x2  
  96  7:01  Colossus  
  96  7:03  Probe  
  103  7:09  Zealot x3  
  103  7:13  Probe x2  
  103  7:15  Pylon, Zealot  
  113  7:18  Zealot  
  113  7:19  Zealot  
  114  7:30  Zealot  
  114  7:32  Probe  
  114  7:34  Pylon  
  114  7:35  Pylon, Zealot  
  114  7:36  Zealot x2  
  123  7:40  Zealot  
  125  7:50  Pylon  
  125  7:52  Probe  
  125  7:55  Zealot x4  
  125  7:57  Zealot x3  
  126  8:10  Protoss Ground Weapons Level 2 (Chrono Boost)  
  110  8:13  Blink (Chrono Boost)  
  110  8:14  Phoenix (Chrono Boost)  
  110  8:19  Probe x3  
  115  8:22  Colossus (Chrono Boost), Assimilator x2  
  121  8:31  Probe  
  122  8:35  Probe  
  122  8:39  Observer, Stalker x5  
  133  8:45  Phoenix  
  135  8:52  Templar Archives  
  135  8:58  Nexus  
  135  9:04  Pylon  
  135  9:11  Disruptor  
  135  9:12  Pylon  
  138  9:19  Probe  
  138  9:20  Pylon  
  137  9:29  Psionic Storm, Stalker x3  
  137  9:30  Zealot x4  
  149  9:32  Shield Battery  
  147  9:44  Disruptor (Chrono Boost)  
  145  9:47  Probe, High Templar  
  151  9:53  High Templar  
  151  9:54  Zealot x3  
  159  10:03  Probe  
  159  10:06  Probe x2  
  162  10:07  Photon Cannon  
  162  10:08  Shield Battery  
  162  10:09  Pylon  
  162  10:20  Probe  
  163  10:22  Disruptor  
  163  10:23  Protoss Ground Armor Level 1 (Chrono Boost), Forge  
  166  10:31  Stalker x3  
  166  10:33  Zealot  
  166  10:34  Zealot x2  
  176  10:40  Probe  
  169  10:48  Zealot x2  
  167  10:57  Disruptor  
  167  10:58  Zealot x3  
  167  10:59  Zealot x3  
  176  11:10  Probe, Assimilator  
  177  11:11  Pylon  
  177  11:14  Dark Shrine  
  177  11:23  High Templar x4  
  177  11:24  Stalker x2  
  188  11:27  Archon x2  
  188  11:33  Disruptor  
  191  11:50  Zealot  
  191  11:51  Zealot x3  
  197  12:02  Pylon  
  197  12:03  Nexus  
  197  12:04  Zealot  
  199  12:22  Zealot x3  
  127  12:40  Stalker x5  
  113  12:49  Stalker  
Tags
 
Add a new tag
Caveats
  • Supply blocks, unpowered buildings, or Contaminate may cause inaccurate times.
  • Supply counts are checked every 10 seconds.